 Dungeon Crawl Stone Soup version 0.29.0-15-g675c0067aa (webtiles) character file.

Game seed: 14086100608353196799

206 RascalDebosk the Trooper (level 5, -7/70 HPs)
             Began as a Minotaur Berserker on Sept 11, 2022.
             Was a Priest of Trog.
             Blown up by Ijyb (20 damage)
             ... with a mindburst bolt
             ... on level 4 of the Dungeon.
             The game lasted 00:19:20 (4109 turns).

RascalDebosk the Trooper (Minotaur Berserker)       Turns: 4109, Time: 00:19:21

Health: -7/70      AC:  7    Str: 22    XL:     5   Next: 53%
Magic:  4/4        EV: 11    Int:  6    God:    Trog [***...]
Gold:   178        SH:  0    Dex:  9    Spells: 4/4 levels left

rFire   . . .      SeeInvis .   b - +0 war axe
rCold   . . .      Faith    .   (no shield)
rNeg    . . .      Spirit   .   s - +0 ring mail
rPois   .          Reflect  .   (helmet restricted)
rElec   .          Harm     .   (no cloak)
rCorr   .          Rampage  .   d - +0 pair of gloves
Will    .....                   (no boots)
Stlth   ..........              (no amulet)
HPRegen 0.21/turn               (no ring)
MPRegen 0.09/turn               (no ring)

@: berserking, very quick
A: horns 2, retaliatory headbutt
a: Renounce Religion, Berserk, Trog's Hand


You were on level 4 of the Dungeon.
You worshipped Trog.
Trog was most pleased with you.
You visited 1 branch of the dungeon, and saw 4 of its levels.

You collected 178 gold pieces.

Inventory:

Hand Weapons
 a - a +1 hand axe
 b - a +0 war axe (weapon)
Missiles
 c - 2 poisoned darts (quivered)
 n - 2 atropa-tipped darts
 v - 3 boomerangs of dispersal
Armour
 d - a +0 pair of gloves (worn)
 f - a +0 leather armour
 s - a +0 ring mail (worn)
Wands
 y - a wand of paralysis (5)
Scrolls
 e - a scroll of poison
 j - 2 scrolls of immolation
 k - a scroll of fear
 o - 2 scrolls of amnesia
Potions
 g - 2 potions of flight
 h - a potion of curing
 q - a potion of berserk rage {unknown}
 t - a potion of mutation {unknown}
 w - a potion of haste {unknown}
 x - a potion of lignification {unknown}


   Skills:
 + Level 4.6 Fighting
 + Level 4.6 Axes
 + Level 2.2 Throwing
 + Level 3.8 Armour
 - Level 2.1 Dodging
 + Level 2.0 Evocations


You had 4 spell levels left.
You didn't know any spells.
Your spell library was empty.

Dungeon Overview and Level Annotations

Branches:
Dungeon (4/15)
 Temple: D:4-7

Altars:
Kikubaaqudgha

Annotations:
D:3 2 transporters, RascalDebosk's ghost, amateur MiBe
D:4 1 runed translucent door, Ijyb; TheItachi's ghost, amateur DEAE


Innate Abilities, Weirdness & Mutations

You have a pair of horns on your head.
You reflexively headbutt those who attack you in melee.


Message History

Press: ? - help, Q - select action, (/) - cycle Shift-Dir - straight line, f/p - Ijyb
Aim: Ijyb, wielding a +1 dagger of venom, wearing a +0 leather armour and carrying a wand of mindburst (10) (lightly wounded, poisoned, 50% to hit)
You throw a poisoned dart. The poisoned dart hits Ijyb.
Ijyb looks even sicker.
Ijyb is lightly wounded.
Throw: 7 darts (poison)
Press: ? - help, Q - select action, (/) - cycle Shift-Dir - straight line, f/p - Ijyb
Aim: Ijyb, wielding a +1 dagger of venom, wearing a +0 leather armour and carrying a wand of mindburst (10) (lightly wounded, very poisoned, 50% to hit)
You throw a poisoned dart.
The poisoned dart completely misses Ijyb.
Throw: 6 darts (poison)
Press: ? - help, Q - select action, (/) - cycle Shift-Dir - straight line, f/p - Ijyb
Aim: Ijyb, wielding a +1 dagger of venom, wearing a +0 leather armour and carrying a wand of mindburst (10) (lightly wounded, very poisoned, 50% to hit)
You throw a poisoned dart. The poisoned dart hits Ijyb.
Ijyb looks even sicker.
Ijyb is lightly wounded.
Ijyb zaps a wand.
Your mind is blasted!
Throw: 5 darts (poison)
Press: ? - help, Q - select action, (/) - cycle Shift-Dir - straight line, f/p - Ijyb
Aim: Ijyb, wielding a +1 dagger of venom, wearing a +0 leather armour and carrying a wand of mindburst (9) (moderately wounded, very poisoned, 50% to hit)
You throw a poisoned dart. The poisoned dart hits Ijyb.
Ijyb is moderately wounded.
Throw: 4 darts (poison)
Press: ? - help, Q - select action, (/) - cycle Shift-Dir - straight line, f/p - Ijyb
Aim: Ijyb, wielding a +1 dagger of venom, wearing a +0 leather armour and carrying a wand of mindburst (9) (moderately wounded, very poisoned, 50% to hit)
You throw a poisoned dart. The poisoned dart closely misses Ijyb.
Throw: 3 darts (poison)
Press: ? - help, Q - select action, (/) - cycle Shift-Dir - straight line, f/p - Ijyb
Aim: Ijyb, wielding a +1 dagger of venom, wearing a +0 leather armour and carrying a wand of mindburst (9) (moderately wounded, very poisoned, 50% to hit)
You throw a poisoned dart. The poisoned dart closely misses Ijyb.
Ijyb screams, "It's all mine!"
A red film seems to cover your vision as you go berserk!
You feel yourself moving faster!
You feel mighty!
Ijyb zaps a wand.
Your mind is blasted!
You slash Ijyb!
Ijyb is severely wounded.
Ijyb zaps a wand.
Your mind is blasted!
* * * LOW HITPOINT WARNING * * *
You barely miss Ijyb.
Ijyb is severely wounded.
Ijyb zaps a wand.
Your mind is blasted!
You die...

#...#.....##........,*
.....####.......((.#** ....##
#.......(..# ...## #........(.#
..## ####........(.#
#.#**#...........###
..##...##...#.##.#
.##..####.###.##g##
....##........##@.##
.............####..#
##..##.......#####.#
###.#..>.......###.#
........#.####..##.#
....<...#..........#########
..........#######..........####
..........######..########....#
..............##.## ####.#


You could see Ijyb (very poisoned).

Vanquished Creatures
  An orc priest (D:3)
  A hound (D:4)
  2 orc wizards (D:3)
  3 worms
  2 dart slugs
  8 orcs
  5 ball pythons
  7 bats
  7 endoplasms
  5 giant cockroaches
  6 goblins (D:2)
  12 hobgoblins
  A jackal (D:2)
  5 quokkas
  2 frilled lizards (D:1)
  5 kobolds
  4 rats
76 creatures vanquished.

Vanquished Creatures (others)
  A human (D:3)
1 creature vanquished.

Grand Total: 77 creatures vanquished

Notes
Turn   | Place    | Note
-------+----------+-------------------------------------------
     0 | D:1      | RascalDebosk the Minotaur Berserker began the quest for the
                  | Orb.
     0 | D:1      | Reached XP level 1. HP: 19/19 MP: 0/0
   396 | D:1      | Reached XP level 2. HP: 27/27 MP: 1/1
  1012 | D:2      | Reached skill level 1 in Throwing
  1037 | D:2      | Reached XP level 3. HP: 33/33 MP: 2/2
  1107 | D:2      | Reached ** piety under Trog
  1155 | D:2      | Reached skill level 1 in Evocations
  1189 | D:2      | Found a faded altar of an unknown god.
  1899 | D:3      | Reached XP level 4. HP: 25/40 MP: 3/3
  2126 | D:3      | Found an ancient bone altar of Kikubaaqudgha.
  2130 | D:3      | Noticed a human
  2133 | D:3      | Killed a human
  2552 | D:3      | Noticed RascalDebosk's ghost (amateur MiBe)
  2553 | D:3      | Found a transporter.
  2559 | D:3      | Noticed an ogre
  2562 | D:3      | Found a transporter.
  2610 | D:3      | Found a transporter.
  2650 | D:3      | Found a transporter.
  2706 | D:3      | Reached XP level 5. HP: 38/47 MP: 4/4
  3670 | D:4      | Noticed Ijyb
  3704 | D:4      | Reached *** piety under Trog
  3966 | D:4      | Found a runed translucent door.
  3966 | D:4      | Noticed TheItachi's ghost (amateur DEAE)
  4109 | D:4      | Blown up by Ijyb

Illustrated notes

Levels and vault maps discovered:
D:1:      eino_arrival_water_cross, layout_basic
D:2:      minmay_skewed_foursquare, layout_rooms,
          shapermc_ecumenical_altar_pompeii
D:3:      gammafunk_wand_slinger, layout_loops_ring, tgw_kikubaaqudgha,
          gammafunk_ghost_smash
D:4:      layout_rooms, ebering_ghost_sewer_f, minmay_misc_feat_rugged,
          minmay_crystal_room, minivault_25, uniq_ijyb

Skill      XL: |  1  2  3  4  5 |
---------------+----------------+-----
Fighting       | 4 |  4.6
Throwing       | 1 2 |  2.2
Axes           | 4 |  4.6
Evocations     | 1 2 |  2.0
Armour         | 3 |  3.8
Dodging        | |  2.1

Action                   |  1- 3 |  4- 6 || total
-------------------------+-------+-------++-------
Melee: Hand axe          |    77 |    61 ||   138
       Headbutt          |     9 |    11 ||    20
       Punch             |     1 |     2 ||     3
       War axe           |       |    18 ||    18
Throw: Dart              |     6 |    17 ||    23
Invok: Berserk           |     2 |     1 ||     3
       Trog's Hand       |       |     1 ||     1
  Use: Scroll            |       |    13 ||    13
 Stab: Sleeping          |     1 |       ||     1
Armor: Leather armour    |     9 |       ||     9
       Animal skin       |     1 |       ||     1
       Ring mail         |    15 |    29 ||    44
Dodge: Dodged            |    58 |    23 ||    81
